 Dungeon Crawl Stone Soup version 0.27.1 (webtiles) character file.

Game seed: 8846071883134200627

230 Rrauwl the Vandal (level 6, 0/47 HPs)
             Began as a Formicid Hunter on Aug 27, 2021.
             Slain by an elf zombie (2 damage)
             ... on level 4 of the Dungeon.
             The game lasted 00:08:48 (3176 turns).

Rrauwl the Vandal (Formicid Hunter)                 Turns: 3176, Time: 00:08:49

Health: 0/47       AC:  6    Str: 17 (18) XL:     6   Next: 24%
Magic:  6/6        EV: 10    Int:  8 (10) God:
Gold:   124        SH:  0    Dex: 12      Spells: 5/5 levels left

rFire    . . .     SeeInvis +   b - +0 short sword (elec)
rCold    . . .     Faith    .   (no shield)
rNeg     . . .     Spirit   .   k - +0 scale mail
rPois    .         Reflect  .   (helmet unavailable)
rElec    .         Harm     .   (no cloak)
rCorr    .         Rampage  .   (no gloves)
Will     .....                  (no boots)
Stlth    ..........             (no amulet)
HPRegen  0.15/turn              (no ring)
MPRegen  0.10/turn              (no ring)

@: no status effects
A: permanent stasis, dig shafts and tunnels, antennae 3, four strong arms
a: Dig, Shaft Self


You were on level 4 of the Dungeon.
You visited 1 branch of the dungeon, and saw 4 of its levels.

You collected 124 gold pieces.

Inventory:

Hand Weapons
 a - a +1 hunting sling
 b - a +0 short sword of electrocution (weapon)
Missiles
 c - 6 silver javelins (quivered)
 d - 41 sling bullets
 f - 10 boomerangs
 g - 95 stones
Armour
 k - a +0 scale mail (worn)
Magical Staves
 h - a staff of conjuration
Scrolls
 e - a scroll of enchant weapon {unknown}
 i - a scroll of immolation
 j - a scroll of magic mapping {unknown}
 l - a scroll of identify


   Skills:
 - Level 3.0 Fighting
 + Level 6.4 Slings
 - Level 3.0 Armour
 - Level 2.0 Dodging
 - Level 2.0 Stealth


You had 5 spell levels left.
You didn't know any spells.
Your spell library was empty.

Dungeon Overview and Level Annotations

Branches:
Dungeon (4/15)
 Temple: D:4-7

Altars:
Uskayaw
Vehumet
Xom
Beogh


Innate Abilities, Weirdness & Mutations

You cannot be hasted, slowed, berserked, paralysed or teleported.
You can dig through walls and to a lower floor.
You have a pair of large antennae on your head. (SInv)
Your four strong arms can wield two-handed weapons with a shield.


Message History

The elf zombie hits you.
* * * LOW HITPOINT WARNING * * *
You hit the elf zombie.
The elf zombie is moderately damaged.
The elf zombie hits you.
* * * LOW HITPOINT WARNING * * *
You hit the elf zombie but do no damage.
Lightning courses through the elf zombie!!
The elf zombie is severely damaged.
The elf zombie hits you.
* * * LOW HITPOINT WARNING * * *
You hit the elf zombie but do no damage.
Lightning courses through the elf zombie!
The elf zombie is severely damaged.
The elf zombie hits you.
* * * LOW HITPOINT WARNING * * *
You closely miss the elf zombie.
The elf zombie is severely damaged.
You hit the elf zombie.
The elf zombie is almost destroyed.
You hear the slow hiss of an avalanche of sand very nearby.
The elf zombie hits you but does no damage.
You barely miss the elf zombie.
The elf zombie is almost destroyed.
The elf zombie barely misses you.
You hit the elf zombie.
The elf zombie is almost destroyed.
The elf zombie barely misses you.
You barely miss the elf zombie.
The elf zombie is almost destroyed.
The elf zombie barely misses you.
You hit the elf zombie.
The elf zombie is almost destroyed.
The elf zombie hits you.
* * * LOW HITPOINT WARNING * * *
You aren't carrying any potions.
You closely miss the elf zombie.
The elf zombie is almost destroyed.
The elf zombie hits you.
You die...

{ { ### { +.# #.# ##
{#.#..##
#########Z#...### .
##........@......# .(
##.................
...###..................
#.......................
#...#...................
#..
#.................... #.
#...................# #
#..................#
#.................##


You could see an elf zombie.

Vanquished Creatures
  2 jellies
  An orc priest (D:3)
  An iguana (D:4)
  An adder (D:3)
  4 gnolls (D:2)
  2 worms
  A dart slug (D:2)
  3 orcs (D:3)
  7 ball pythons
  2 bats (D:2)
  2 endoplasms
  2 giant cockroaches
  2 goblins (D:3)
  4 hobgoblins
  3 quokkas
  2 frilled lizards
  10 kobolds
  3 rats
52 creatures vanquished.

Notes
Turn   | Place    | Note
-------+----------+-------------------------------------------
     0 | D:1      | Rrauwl the Formicid Hunter began the quest for the Orb.
     0 | D:1      | Reached XP level 1. HP: 16/16 MP: 1/1
   444 | D:1      | Reached XP level 2. HP: 23/23 MP: 2/2
   625 | D:1      | Found a faded altar of an unknown god.
   714 | D:1      | Found a hide-covered altar of Uskayaw.
   912 | D:2      | Reached skill level 1 in Armour
   932 | D:2      | Reached XP level 3. HP: 28/28 MP: 3/3
   999 | D:2      | Reached XP level 4. HP: 14/34 MP: 4/4
  1313 | D:2      | Reached skill level 5 in Slings
  1498 | D:2      | Reached XP level 5. HP: 41/41 MP: 5/5
  1937 | D:3      | Found a shimmering altar of Xom.
  2083 | D:3      | Found a radiant altar of Vehumet.
  2858 | D:3      | Reached skill level 6 in Slings
  2858 | D:3      | Reached XP level 6. HP: 47/47 MP: 6/6
  3175 | D:4      | HP: 2/47 [elf zombie (6)]
  3176 | D:4      | Slain by an elf zombie

Illustrated notes

Levels and vault maps discovered:
D:1:      dpeg_arrival_water_altar, layout_loops_ring,
          shapermc_ecumenical_altar_hornbeckon
D:2:      layout_loops_ring
D:3:      layout_loops_ring, nicolae_vehumet_altar_sigil, old_standard_altar,
          kennysheep_orc_chapel
D:4:      layout_cave_pods, kennysheep_slug_shrine,
          mainiacjoe_overflow_alcove_1, nicolae_ossuary_entry_catacombs,
          uniq_eustachio

Skill      XL: |  1  2  3  4  5 |
---------------+----------------+-----
Dodging        | 2 |  2.0
Armour         | 1 2 3 |  3.0
Stealth        | 2 |  2.0
Fighting       | 3 |  3.0
Slings         | 5 6 |  6.4

Action                   |  1- 3 |  4- 6 || total
-------------------------+-------+-------++-------
Melee: Short sword       |       |    70 ||    70
 Fire: Hunting sling     |    58 |    74 ||   132
 Abil: Dig               |     1 |       ||     1
  Use: Potion            |     2 |     3 ||     5
       Scroll            |     2 |     1 ||     3
Armor: Leather armour    |     6 |     1 ||     7
       Scale mail        |       |    36 ||    36
Dodge: Dodged            |     9 |    34 ||    43
